 Dungeon Crawl Stone Soup version 0.29.1-1-gd02db6906a (webtiles) character file.

Game seed: 16394912143006507509

1064 hawla the Arsonist (level 8, -3/59 HPs)
             Began as a Meteoran Fire Elementalist on Oct 10, 2022.
             Killed from afar by a steam dragon (12 damage)
             ... with a ball of steam
             ... on level 6 of the Dungeon.
             The game lasted 00:09:46 (2997 turns).

hawla the Arsonist (Meteoran Fire Elementalist)     Turns: 2997, Time: 00:09:47

Health: -3/59      AC:  5    Str: 10    XL:     8   Next: 82%
Magic:  2/17       EV: 14    Int: 19    God:
Gold:   249        SH:  0    Dex: 20    Spells: 11/18 levels left

rFire   . . .      SeeInvis +   k - staff of death
rCold   . . .      Faith    .   (no shield)
rNeg    + . .      Spirit   .   a - +0 robe
rPois   .          Reflect  .   (no helmet)
rElec   .          Harm     .   (no cloak)
rCorr   .          Rampage  +   (no gloves)
Will    +....                   f - +2 pair of boots {rampage}
Stlth   +.........              (no amulet)
HPRegen 0.19/turn               h - +6 ring of dexterity
MPRegen 0.15/turn               d - ring of see invisible

@: glowing
A: sense surroundings 1, otherworldly, glowing, explore regen
a: no special abilities


You were on level 6 of the Dungeon.
You visited 1 branch of the dungeon, and saw 6 of its levels.

You collected 249 gold pieces.

Inventory:

Missiles
 c - 10 curare-tipped darts (quivered)
Armour
 a - a +0 robe (worn)
 f - a +2 pair of boots of rampaging (worn)
Magical Staves
 k - a staff of death (weapon)
 t - a staff of poison
Jewellery
 d - a ring of see invisible (right hand)
 h - a +6 ring of dexterity (left hand)
 r - a ring of wizardry
Scrolls
 e - a scroll of poison
 l - a scroll of butterflies
 m - a scroll of enchant armour {unknown}
 n - 2 scrolls of vulnerability {unknown}
 o - a scroll of identify
 p - a scroll of silence {unknown}
 s - a scroll of enchant weapon {unknown}
 u - 3 scrolls of torment {unknown}
Potions
 b - a potion of magic
 g - a potion of invisibility {unknown}
 i - 4 potions of brilliance
 j - 4 potions of curing
 q - 2 potions of attraction
 v - a potion of mutation {unknown}


   Skills:
 + Level 1.1 Fighting
 + Level 0.7 Staves
 + Level 3.7 Dodging
 - Level 1.4 Stealth
 + Level 5.6 Spellcasting
 + Level 4.8 Conjurations
 + Level 1.5 Necromancy
 + Level 8.5 Fire Magic
 + Level 1.5 Evocations


You had 11 spell levels left.
You knew the following spells:

 Your Spells              Type           Power      Damage    Failure   Level
a - Foxfire               Conj/Fire      100%       2x1d9     1%          1
b - Scorch                Fire           74%        2d9       1%          2
c - Flame Wave            Conj/Fire      30%        2d9       8%          4

Your spell library contained the following spells:

 Spells                   Type           Power      Damage    Failure   Level
 Conjure Flame            Conj/Fire      30%        6-21      2%          3
 Necrotise                Necr           64%        1d7       6%          1
 Inner Flame              Hex/Fire       21%        N/A       6%          3
 Apportation              Tloc           10%        N/A       12%         1
 Summon Small Mammal      Summ           20%        N/A       12%         1
 Ensorcelled Hibernation  Hex/Ice        10%        N/A       19%         2
 Gell's Gravitas          Tloc           5%         N/A       34%         3
 Lesser Beckoning         Tloc           5%         N/A       34%         3
 Spider Form              Tmut/Pois      5%         N/A       34%         3
 Teleport Other           Tloc           5%         N/A       34%         3
 Anguish                  Hex/Necr       6%         N/A       65%         4


Dungeon Overview and Level Annotations

Branches:
Dungeon (6/15) Zot: 596
 Temple: D:4-7

Altars:
Gozag
Qazlal
Wu Jian

Annotations:
D:4 1 runed translucent door, Crazy Yiuf, Edmund


Innate Abilities, Weirdness & Mutations

You passively map a small area around you.
You are easily found by Zot.
You glow in the dark.
You regain HP and MP as you explore.


Message History

Casting: Flame Wave (dangerous; 8% risk of failure)
Press: ? - help, Dir - look around, f - activate A wave of flame ripples out!
The flame wave engulfs your foxfire.
Your foxfire completely resists.
The flame wave engulfs your foxfire.
Your foxfire completely resists.
The flame wave engulfs the hound.
The hound is severely wounded. (Press . to intensify the flame waves.)
The foxfire hits the hound.
The hound is lightly wounded.
The foxfire hits the hound!
The hound is severely wounded.
The hound bites you. The hound bites you but does no damage.
The orc priest miscasts a cantrip.
A wave of flame ripples out!
The flame wave engulfs the hound!
You kill the hound!
The flame wave engulfs the hound!
You kill the hound!
The flame wave engulfs the jelly!
The jelly is almost dead.
The orc priest calls down the wrath of Beogh upon you.
Beogh smites you!
A wave of flame ripples out!
The flame wave engulfs the jelly!
You kill the jelly!
The flame wave engulfs the steam dragon!
The steam dragon is moderately wounded.
You finish channelling waves of flame.
You hear a shout! x3
The steam dragon breathes steam at you. The ball of steam hits you!
* * * LOW HITPOINT WARNING * * *
Really read the scroll of poison?
Okay, then.
Really read the scroll of poison?
The air fills with toxic fumes!
As you read the scroll of poison, it crumbles to dust.
The steam dragon breathes steam at you. The ball of steam hits you!
You die...

,,#.......# ,,
,,#.......#, , , ,*
,#.......# , *
.,#####.......####^*
, ,
...................,
, §....######....#..>
§§§. #..........
§§§§§####.#........ *
#§o§@#.#........ , ,,
####§§§#........ , *
##D##§§§......
#..#..§§§§...# *
##o.....§§§...# ,
###..#....h§§... **
.,, #...##......§..
....##.####.........
*,
..........o..........


You could see a steam dragon (catching breath) and an orc priest.

Vanquished Creatures
  Sigmund (D:4)
  A water moccasin (D:4)
  An ice beast (D:6)
  An ogre (D:5)
  A phantom (D:6)
  2 kobold brigands (D:5)
  2 scorpions (D:5)
  2 jellies
  4 hounds
  An iguana (D:6)
  3 adders (D:2)
  A white imp (D:5)
  2 worms
  4 orcs
  2 bats
  4 endoplasms
  3 giant cockroaches
  6 hobgoblins
  5 jackals
  5 quokkas
  9 ball pythons
  4 frilled lizards
  3 goblins
  15 kobolds
  5 rats
87 creatures vanquished.

Vanquished Creatures (others)
  An orc (D:6)
  111 foxfires
112 creatures vanquished.

Grand Total: 199 creatures vanquished

Notes
Turn   | Place    | Note
-------+----------+-------------------------------------------
     0 | D:1      | hawla the Meteoran Fire Elementalist began the quest for
                  | the Orb.
     0 | D:1      | Reached XP level 1. HP: 14/14 MP: 5/5
   123 | D:1      | Reached XP level 2. HP: 17/20 MP: 1/7
   126 | D:1      | Learned a level 2 spell: Scorch
   283 | D:1      | Reached skill level 4 in Fire Magic
   312 | D:1      | Found a faded altar of an unknown god.
   500 | D:1      | Glimpsed the power of Zot.
   550 | D:1      | Glimpsed the power of Zot.
   725 | D:2      | Reached XP level 3. HP: 26/26 MP: 6/8
   880 | D:2      | Reached XP level 4. HP: 31/33 MP: 0/10
   993 | D:2      | Learned a level 4 spell: Flame Wave
  1100 | D:2      | Glimpsed the power of Zot.
  1123 | D:3      | Identified a scroll of acquirement
  1125 | D:3      | Acquired a +2 pair of boots of rampaging
  1456 | D:3      | Reached skill level 5 in Fire Magic
  1456 | D:3      | Reached XP level 5. HP: 38/38 MP: 1/11
  1700 | D:3      | Glimpsed the power of Zot.
  1721 | D:4      | Found an opulent altar of Gozag.
  1847 | D:4      | Noticed a water moccasin
  1856 | D:4      | Killed a water moccasin
  1857 | D:4      | Reached skill level 6 in Fire Magic
  1857 | D:4      | Reached XP level 6. HP: 37/45 MP: 0/12
  2008 | D:4      | Noticed Sigmund
  2015 | D:4      | Killed Sigmund
  2016 | D:4      | Reached skill level 7 in Fire Magic
  2016 | D:4      | Reached XP level 7. HP: 44/50 MP: 4/13
  2032 | D:4      | Noticed Edmund
  2098 | D:4      | Found a runed translucent door.
  2099 | D:4      | Noticed Crazy Yiuf
  2224 | D:4      | Found an ornate altar of the Wu Jian Council.
  2299 | D:4      | Glimpsed the power of Zot.
  2317 | D:5      | Entered Level 5 of the Dungeon
  2335 | D:5      | Found a stormy altar of Qazlal.
  2388 | D:5      | Reached skill level 1 in Necromancy
  2388 | D:5      | Reached skill level 1 in Evocations
  2561 | D:5      | Reached XP level 8. HP: 16/58 MP: 12/15
  2791 | D:5      | Reached skill level 8 in Fire Magic
  2894 | D:5      | Glimpsed the power of Zot.
  2942 | D:6      | Reached skill level 5 in Spellcasting
  2976 | D:6      | Reached skill level 1 in Fighting
  2979 | D:6      | Noticed a steam dragon
  2997 | D:6      | Killed from afar by a steam dragon

Illustrated notes

Levels and vault maps discovered:
D:1:      minmay_arrival_hallway, layout_loops_corners,
          hellmonk_ecumenical_altar_run_dry
D:2:      layout_loops_ring, kennysheep_generic_room_14
D:3:      layout_loops_corners, bh_walls_and_bars
D:4:      layout_rooms, nicolae_gozag_cash_rules_everything_around_me,
          nzn_wu_jian_council_hall, sigmund_edmund_badplayer, uniq_sigmund,
          uniq_crazy_yiuf_cottage
D:5:      cheibrodos_thug_alley, layout_cave_pods,
          gammafunk_temple_overflow_forgotten, grunt_qazlal_sundering,
          minmay_quadrilaterals
D:6:      layout_rooms, nicolae_tso_swordbearing_angel, lemuel_tele_altar,
          grunt_dithmenos_shadows, serial_shops,
          nicolae_shop_overgrown_old_shop, shop, nicolae_shop_behind_doors,
          nicolae_diamond_shop, nicolae_shop_window_shopping,
          kennysheep_small_circle

Skill      XL: |  1  2  3  4  5  6  7  8 |
---------------+-------------------------+-----
Spellcasting   | 3 4 5 |  5.6
Fire Magic     | 4 5 6 7 8 |  8.5
Conjurations   | 2 3 4 |  4.8
Necromancy     | 1 |  1.5
Evocations     | 1 |  1.5
Dodging        | 3 |  3.7
Fighting       | 1 |  1.1
Staves         | |  0.7
Stealth        | |  1.4

Action                   |  1- 3 |  4- 6 |  7- 9 || total
-------------------------+-------+-------+-------++-------
Melee: Unarmed           |     3 |    24 |       ||    27
       Staff             |       |     6 |    12 ||    18
 Cast: Foxfire           |    30 |    23 |    15 ||    68
       Scorch            |     5 |    21 |    16 ||    42
       Flame Wave        |       |     4 |     5 ||     9
  Use: Scroll            |     5 |     6 |     5 ||    16
       Potion            |       |       |     1 ||     1
 Stab: Sleeping          |       |     1 |       ||     1
Armor: Robe              |     5 |    19 |     5 ||    29
Dodge: Dodged            |    13 |    26 |    23 ||    62
